 Dungeon Crawl Stone Soup version 0.17-a0-2105-gad05798 (webtiles) character file.

78 TruthSerum the Skirmisher (level 4, -1/42 HPs)
             Began as a Hill Orc Fighter on Oct 18, 2015.
             Slain by a goblin
             ... wielding a +0 club
             ... led by Robin
              (4 damage)
             ... on level 2 of the Dungeon.
             The game lasted 00:06:14 (1527 turns).

TruthSerum the Skirmisher (Hill Orc Fighter)        Turns: 1527, Time: 00:06:15

Health: -1/42      AC:  8    Str: 18    XL:     4   Next: 36%
Magic:  4/4        EV:  7    Int:  8    God:
Gold:   101        SH:  9    Dex: 11    Spells: 0 memorised, 3 levels left

rFire  . . .     SeeInvis .     a - +0 flail
rCold  . . .     Clarity  .     b - +0 scale mail
rNeg   . . .     SustAt   +     c - +0 shield
rPois  .         Gourm    .     (no helmet)
rElec  .         Spirit   .     k - +0 cloak
rCorr  .         Warding  .     (no gloves)
rMut   .         Stasis   .     (no boots)
MR     .....                    (no amulet)
Stlth  ..........               (no ring)
                                j - ring of sustain attributes

@: not resistant to hostile enchantments, extremely unstealthy
A: no striking features
a: no special abilities


You were on level 2 of the Dungeon.
You were not hungry.

You visited 1 branch of the dungeon, and saw 2 of its levels.

You collected 101 gold pieces.

Inventory:

Hand Weapons
 a - a +0 flail (weapon)
Armour
 b - a +0 scale mail (worn)
 c - a +0 shield (worn)
 k - a +0 cloak (worn)
Jewellery
 j - a ring of sustain attributes (left hand)
Scrolls
 f - a scroll of teleportation {unknown}
 h - a scroll of enchant armour {unknown}
 m - a scroll of magic mapping {unknown}
 n - a scroll of remove curse {unknown}
Potions
 d - a potion of might
 i - a potion of flight {unknown}
 l - a potion of brilliance {unknown}
 p - a potion of heal wounds {unknown}
Comestibles
 e - 2 bread rations
 g - 5 chunks of flesh
 o - a meat ration


   Skills:
 + Level 5.0 Fighting
 + Level 3.8 Maces & Flails
 - Level 3.2 Armour
 - Level 3.2 Shields


You had 3 spell levels left.
You didn't know any spells.

Dungeon Overview and Level Annotations

Branches:
Dungeon (2/15)

Altars:
Qazlal


Message History

The goblin hits you.
* * * LOW HITPOINT WARNING * * *
The goblin hits you but does no damage.
You sock the goblin!
You kill the goblin!
You block the goblin's attack. You block the kobold's attack.
You block the goblin's attack. The goblin hits you but does no damage.
The goblin hits you but does no damage.
You closely miss the goblin. The goblin hits you but does no damage.
You block the kobold's attack. The goblin barely misses you.
You block the goblin's attack. The goblin hits you but does no damage.
The goblin hits you but does no damage. The kobold hits you but does no damage.
The goblin hits you with a dagger.
* * * LOW HITPOINT WARNING * * *
Unknown command.
You sock the goblin!
You kill the goblin!
The goblin hits you but does no damage. The goblin closely misses you.
The goblin hits you with a club.
You die...

#. .## ##
###. .. .<.
.. #... .>
... ..
#...#. #.# #
#........ #
#....#.#+##
# #.Kgg....#
# #g@# #
#gg# #
#..#.# #
#..#.# #
#..#.#
#.(#.#
...#####
#..#.#
........
.######..#.#
..#####.
.........#.#
#.


You could see a hobgoblin, 4 goblins and a kobold.

Vanquished Creatures
  Robin (D:2)
  An ooze (D:2)
  5 giant geckos (D:1)
  5 bats (D:1)
  2 giant cockroaches
  5 hobgoblins
  7 jackals
  3 quokkas (D:2)
  3 giant newts
  10 goblins
  9 kobolds
  7 rats
58 creatures vanquished.

Notes
Turn   | Place    | Note
--------------------------------------------------------------
     0 | D:1      | TruthSerum the Hill Orc Fighter began the quest for the Orb.
     0 | D:1      | Reached XP level 1. HP: 19/19 MP: 1/1
   131 | D:1      | Reached XP level 2. HP: 4/27 MP: 2/2
   405 | D:1      | Reached skill level 4 in Fighting
   688 | D:1      | Reached XP level 3. HP: 31/33 MP: 3/3
  1340 | D:2      | Found a stormy altar of Qazlal.
  1430 | D:2      | Reached XP level 4. HP: 36/41 MP: 4/4
  1504 | D:2      | Noticed Robin
  1513 | D:2      | Killed Robin
  1513 | D:2      | Reached skill level 5 in Fighting
  1527 | D:2      | Slain by a goblin

Vault maps used:
D:1:      nagdon_arrival_double_spiral
D:2:      nicolae_qazlal_general_emergency, minmay_misc_feat_square, uniq_robin

Action                   |  1- 3 |  4- 6 || total
-------------------------+-------+-------++-------
Melee: Flail             |   149 |    36 ||   185
  Eat: Chunk             |     2 |       ||     2
